 Dungeon Crawl Stone Soup version 0.21-a0-225-g207ae17 (webtiles) character file.

151 Goblin1989 the Insei (level 5, 0/38 HPs)
             Began as a Merfolk Transmuter on Aug 29, 2017.
             Slain by an orc (4 damage)
             ... on level 2 of the Dungeon.
             The game lasted 00:05:28 (2525 turns).

Goblin1989 the Insei (Merfolk Transmuter)           Turns: 2525, Time: 00:05:29

Health: 0/38       AC:  2    Str: 10    XL:     5   Next: 33%
Magic:  8/8        EV: 13    Int: 13    God:
Gold:   42         SH:  0    Dex: 15    Spells: 7/8 levels left

rFire    . . .     SeeInvis +     - Unarmed
rCold    . . .     Gourm    .   (no shield)
rNeg     . . .     Faith    .   b - +0 robe
rPois    .         Spirit   .   (no helmet)
rElec    .         Reflect  .   (no cloak)
rCorr    .         Harm     .   (no gloves)
MR       .....                  (no boots)
Stlth    ..........             (no amulet)
HPRegen  0.12/turn              w - ring of loudness (curse)
MPRegen  0.11/turn              s - ring of see invisible

@: no status effects
A: change form in water, swift swim, stealthy swim
a: no special abilities


You were on level 2 of the Dungeon.
You were not hungry.

You visited 1 branch of the dungeon, and saw 2 of its levels.

You collected 42 gold pieces.

Inventory:

Missiles
 a - 46 arrows
 g - 36 sling bullets
 h - 32 stones
 l - 26 bolts
 r - 8 javelins (quivered)
Armour
 b - a +0 robe (worn)
Jewellery
 s - a ring of see invisible (right hand)
 w - a cursed ring of loudness (left hand)
Scrolls
 n - 2 scrolls of teleportation {unknown}
 o - a scroll of enchant weapon {unknown}
 q - 2 scrolls of identify {unknown}
 t - a scroll of amnesia {unknown}
 v - 2 scrolls of remove curse {unknown}
 y - a scroll of fog {unknown}
Potions
 j - a potion of haste {unknown}
 k - 3 potions of curing {unknown}
 m - a potion of lignification {unknown}
 p - a potion of invisibility {unknown}
Books
 c - a book of Changes

   Spells                             Type                      Level
   a - Beastly Appendage              Transmutation                1
   b - Sticks to Snakes               Transmutation                2
   c - Spider Form                    Transmutation/Poison         3
   d - Ice Form                       Ice/Transmutation            4
   e - Blade Hands                    Transmutation                5
Comestibles
 e - 3 bread rations {@e1}
 i - a meat ration {@e2}
 x - 2 fruits


   Skills:
 + Level 1.7 Fighting
 + Level 3.3 Dodging
 * Level 5.6 Unarmed Combat
 - Level 2.0 Spellcasting
 + Level 3.5 Transmutations


You had 7 spell levels left.
You knew the following spells:

 Your Spells              Type           Power        Failure   Level  Hunger
a - Beastly Appendage     Tmut           ##....       6%          1    ##.....


Dungeon Overview and Level Annotations

Branches:
Dungeon (2/15)

Altars:
Ru


Message History

An orc comes into view. It is wielding a flail.
You regained 13 hp, and now have 28/32 hp.
The orc shouts!
The orc barely misses you.
You hit the orc.
The orc is moderately wounded.
The orc hits you with a flail!
You take 10 damage, and have 18/32 hp.
MASSIVE DAMAGE!!
You are too injured to fight recklessly!
You are too injured to fight recklessly!
You are too injured to fight recklessly!
You are too injured to fight recklessly!
You are too injured to fight recklessly!
You are too injured to fight recklessly!
You are too injured to fight recklessly!
You are too injured to fight recklessly!
You are too injured to fight recklessly!
You are too injured to fight recklessly!
You are too injured to fight recklessly!
You are too injured to fight recklessly!
You are too injured to fight recklessly!
You are too injured to fight recklessly!
You are too injured to fight recklessly!
You are too injured to fight recklessly!
You are too injured to fight recklessly!
You are too injured to fight recklessly!
You are too injured to fight recklessly!
You are too injured to fight recklessly!
You are too injured to fight recklessly!
You are too injured to fight recklessly!
You are too injured to fight recklessly!
You are too injured to fight recklessly!
You are too injured to fight recklessly!
You are too injured to fight recklessly!
You are too injured to fight recklessly!
You are too injured to fight recklessly!
You are too injured to fight recklessly!
You punch the orc!
You kill the orc!
You have reached level 5!
You feel clever.
You regained 3 hp, and now have 21/37 hp.
MP restored: 8 Unknown command.
An orc comes into view. It is wielding a club.
An orc is nearby!
An orc is nearby!
You are too injured to fight recklessly!
You are too injured to fight recklessly!
You are too injured to fight recklessly!
You are too injured to fight recklessly!
You are too injured to fight recklessly!
You are too injured to fight recklessly!
You are too injured to fight recklessly!
You are too injured to fight recklessly!
You are too injured to fight recklessly!
You are too injured to fight recklessly!
You are too injured to fight recklessly!
You are too injured to fight recklessly!
You are too injured to fight recklessly!
You are too injured to fight recklessly!
You are too injured to fight recklessly!
The orc shouts!
You hit the orc.
The orc is heavily wounded.
An orc priest comes into view. It is wielding a flail.
The orc priest shouts!
You punch the orc!
You kill the orc!
The orc priest moves out of view.
An orc comes into view.
Things that are here:
a club; an orc corpse The orc priest hits you with a flail!
* * * LOW HITPOINT WARNING * * *
You take 9 damage, and have 14/37 hp.
MASSIVE DAMAGE!!
You completely miss the orc priest. The orc priest closely misses you.
You closely miss the orc priest. You hit the orc priest.
The orc priest is moderately wounded.
The orc priest casts a cantrip, but nothing happens.
You punch the orc priest!
The orc priest is severely wounded.
The orc priest misses you.
You barely miss the orc priest.
The orc priest is severely wounded.
The orc priest hits you with a flail!
* * * LOW HITPOINT WARNING * * *
You take 8 damage, and have 6/37 hp.
MASSIVE DAMAGE!!
You barely miss the orc priest.
The orc priest is severely wounded.
You punch the orc priest!
You kill the orc priest!
You barely miss the orc. The orc hits you.
* * * LOW HITPOINT WARNING * * *
You take 2 damage, and have 4/38 hp.
You hit the orc but do no damage. The orc hits you but does no damage.
You closely miss the orc. The orc misses you.
You barely miss the orc. The orc hits you.
You die...

..)..............................
████.............................
.█ ██...........████..█..........
.███████████≈.████....█....).....
..█≈≈........≈█......██.███..█<██
..█≈⌂.≈.≈.≈.≈...██...██.█ █..█..█
..█≈≈........≈.......██)█ █..█...
..██████████≈.███.).....███......
.....█.........o@....██..).......
.....█......█████..<.██████......
.....█.....█████.....█ █........
.....█.....█.........████.█......
█.████....██.████.██.█....█......
█..███.......████.██...█.....█...
...██...>.█████.█.██..█......█...
..........█ ███......█...███.█...
....█████████...█████...██ █.████


You could see an orc.

Vanquished Creatures
  An orc priest (D:2)
  4 gnolls (D:2)
  An adder (D:2)
  An ooze (D:1)
  A worm (D:1)
  2 dart slugs
  A leopard gecko (D:2)
  2 orcs (D:2)
  6 bats
  3 giant cockroaches
  5 goblins
  5 hobgoblins
  3 jackals (D:1)
  2 quokkas (D:2)
  3 ball pythons
  4 frilled lizards
  4 kobolds
  10 rats
58 creatures vanquished.

Notes
Turn   | Place    | Note
-------+----------+-------------------------------------------
     0 | D:1      | Goblin1989 the Merfolk Transmuter began the quest for the Orb.
     0 | D:1      | Reached XP level 1. HP: 15/15 MP: 3/3
    99 | D:1      | graymark: тебя что0ли тот огр нашел ?)
   116 | D:1      | Reached XP level 2. HP: 16/21 MP: 5/5
   121 | D:1      | Goblin1989: не
   121 | D:1      | Goblin1989: огра я завалил
   121 | D:1      | Goblin1989: !lg goblin1989 -log
   121 | D:1      | beem: 2120. Goblin1989, XL8 DsCK, T:8165: http://crawl.xtahua.com/crawl/morgue/Goblin1989/morgue-Goblin1989-20170828-113911.txt
   121 | D:1      | Goblin1989: !lg goblin1989
   121 | D:1      | beem: 2120. Goblin1989 the Basher (L8 DsCK of Xom), mangled by an orc warrior (a +0 trident) on D:7 on 2017-08-28 11:39:11, with 1768 points after 8165 turns and 0:31:21.
   121 | D:1      | Goblin1989: !lg goblin1989 mftm
   121 | D:1      | beem: 6. Goblin1989 the Insei (L6 MfTm), slain by an ice beast on D:5 on 2017-08-29 08:51:06, with 420 points after 5777 turns and 0:14:07.
   121 | D:1      | Goblin1989: !lg goblin1989 mftm -log
   121 | D:1      | beem: 6. Goblin1989, XL6 MfTm, T:5777: http://crawl.xtahua.com/crawl/morgue/Goblin1989/morgue-Goblin1989-20170829-085106.txt
   121 | D:1      | Goblin1989: айс бист
   121 | D:1      | Goblin1989: я босе так не буду помирать ;D
   137 | D:1      | Reached skill level 4 in Unarmed Combat
   747 | D:1      | Reached XP level 3. HP: 23/26 MP: 6/6
  1537 | D:2      | Reached skill level 5 in Unarmed Combat
  1722 | D:2      | Reached XP level 4. HP: 24/32 MP: 7/7
  2187 | D:2      | Found a sacrificial altar of Ru.
  2498 | D:2      | Reached XP level 5. HP: 21/37 MP: 8/8
  2525 | D:2      | Slain by an orc

Vault maps used:
D:1:      evilmike_arrival_run_for_it, serial_bayou_pond_c,
          minmay_misc_feat_nine_boxes
D:2:      nicolae_ru_path_of_blood, first_bread, grunt_ministairs_12,
          lemuel_statue_altar

Skill      XL: |  1  2  3  4 |
---------------+-------------+-----
Unarmed Combat | 4 5 |  5.6
Transmutations | 3 |  3.5
Dodging        | 3 |  3.3
Fighting       | |  1.7
Spellcasting   | |  2.0

Action                   |  1- 3 |  4- 6 || total
-------------------------+-------+-------++-------
Melee: Unarmed           |   132 |    92 ||   224
       Headbutt          |     4 |     2 ||     6
       Punch             |     2 |       ||     2
 Cast: Beastly Appendage |     3 |     1 ||     4
 Stab: Sleeping          |     1 |       ||     1
  Eat: Chunk             |     3 |     2 ||     5
Armor: Robe              |    23 |     5 ||    28
Dodge: Dodged            |    87 |    44 ||   131

Table legend:
 A = Spawn XP
 B = Non-spawn XP
 C = Spawn XP percentage of total XP
 D = Spawn monster count
 E = Non-spawn monster count
 F = Spawn count percentage of total count
 G = Total turns spent on level
                    A         B        C        D         E        F      G
               +---------+---------+-------+---------+---------+-------+---------
         Total |      63 |     153 |  29.2 |       9 |      49 |  15.5 |  2525
               +---------+---------+-------+---------+---------+-------+---------
           D:1 |       8 |      46 |  14.8 |       4 |      24 |  14.3 |  1485
           D:2 |      55 |     107 |  34.0 |       5 |      25 |  16.7 |  1040
               +---------+---------+-------+---------+---------+-------+---------

Vault maps used:
D:1:      evilmike_arrival_run_for_it, serial_bayou_pond_c,
          minmay_misc_feat_nine_boxes
D:2:      nicolae_ru_path_of_blood, first_bread, grunt_ministairs_12,
          lemuel_statue_altar
